 Dungeon Crawl Stone Soup version 0.18.1-8-gdd0e5ea (webtiles) character file.

13025 pipel the Thaumaturge (level 11, 0/60 HPs)
             Began as a Deep Elf Necromancer on May 23, 2016.
             Was the Champion of Makhleb.
             Slain by a yak (16 damage)
             ... on level 1 of the Lair of Beasts on May 25, 2016.
             The game lasted 01:26:56 (11275 turns).

pipel the Thaumaturge (Deep Elf Necromancer)       Turns: 11275, Time: 01:26:56

Health: 0/60       AC:  7    Str:  7    XL:     11   Next: 70%
Magic:  15/29      EV: 16    Int: 30    God:    Makhleb [******]
Gold:   539        SH:  0    Dex: 13    Spells: 10 memorised, 0 levels left

rFire  + + +     SeeInvis .     a - +2 trident (flame)
rCold  . . .     Gourm    .     N - +1 robe "Qytiutomot" {rF+++ Str+2 Int+6}
rNeg   . . .     Faith    .     (no shield)
rPois  .         Spirit   .     (helmet restricted)
rElec  .         Dismiss  .     w - +1 cloak
rCorr  .         Reflect  .     (no gloves)
SustAt .         Harm     .     V - +0 pair of boots
MR     +....                    (no amulet)
Stlth  ++++......               T - ring of stealth
                                (no ring)

@: repel missiles, somewhat resistant to hostile enchantments, stealthy
A: beak, clumsy 1, screaming 1, shaggy fur 1
a: Minor Destruction, Lesser Servant of Makhleb, Major Destruction, Greater
Servant of Makhleb, Renounce Religion


You were on level 1 of the Lair of Beasts.
You worshipped Makhleb.
Makhleb was exalted by your worship.
You were very full.

You visited 3 branches of the dungeon, and saw 13 of its levels.

You collected 707 gold pieces.
You spent 168 gold pieces at shops.

Inventory:

Hand Weapons
 a - a +2 trident of flaming (weapon)
 l - a +1 spear of venom
 x - a +0 dagger of flaming
 D - a +1 dagger of speed
 J - a +3 spear
 U - a +0 dagger of pain
Missiles
 s - 8 javelins (quivered)
 O - 20 tomahawks
 S - 12 poisoned needles
Armour
 o - a +2 helmet
 w - a +1 cloak (worn)
 N - the +1 robe "Qytiutomot" (worn) {rF+++ Str+2 Int+6}
   (You found it on level 5 of the Dungeon)

   It affects your strength (+2).
   It affects your intelligence (+6).
   It renders you almost immune to fire.
 V - a +0 pair of boots (worn)
Magical Staves
 t - an uncursed staff of earth
 H - an uncursed staff of cold
Rods
 b - a +0 lightning rod (12/12)
   (You found it on level 2 of the Dungeon)
Jewellery
 e - an uncursed ring of fire
 p - an uncursed ring of fire
 C - an uncursed ring of flight
 T - a ring of stealth (right hand)
Wands
 d - a wand of digging (0/24)
 m - a wand of acid (7/15)
 M - a wand of slowing (16/48)
 P - a wand of paralysis (7/24)
 W - a wand of lightning (6/15)
Scrolls
 f - a scroll of enchant armour
 g - 11 scrolls of remove curse
 h - a scroll of blinking
 i - 10 scrolls of identify
 j - 8 scrolls of teleportation
 r - a scroll of immolation
 v - 4 scrolls of enchant weapon
 y - 2 scrolls of recharging
 F - 3 scrolls of amnesia
 G - 2 scrolls of fog
Potions
 B - 5 potions of might
 K - a potion of agility
 R - a potion of cancellation
 Y - a potion of resistance
Books
 n - a book of Power

   Spells                             Type                      Level
   a - Fulminant Prism                Conjuration/Hexes            4
   b - Iskenderun's Mystic Blast      Conjuration                  4
   c - Venom Bolt                     Conjuration/Poison           5
   d - Bolt of Magma                  Conjuration/Fire/Earth       5
   e - Iron Shot                      Conjuration/Earth            6
   f - Orb of Destruction             Conjuration                  7
   g - Spellforged Servitor           Conjuration/Summoning        7
 u - a book of Necromancy

   Spells                             Type                      Level
   a - Pain                           Necromancy                   1
   b - Animate Skeleton               Necromancy                   1
   c - Vampiric Draining              Necromancy                   3
   d - Regeneration                   Charms/Necromancy            3
   e - Animate Dead                   Necromancy                   4
   f - Control Undead                 Necromancy                   4
 I - a book of Air

   Spells                             Type                      Level
   a - Shock                          Conjuration/Air              1
   b - Swiftness                      Charms/Air                   2
   c - Repel Missiles                 Charms/Air                   2
   d - Static Discharge               Conjuration/Air              3
   e - Lightning Bolt                 Conjuration/Air              5
 X - an Akashic Record

   Spells                             Type                      Level
   a - Dispersal                      Translocation                6
   b - Malign Gateway                 Summoning/Translocation      7
   c - Disjunction                    Translocation                8
   d - Controlled Blink               Translocation                8
Miscellaneous
 Q - a plain deck of defence
Comestibles
 c - 7 bread rations
 k - a chunk of flesh
 q - 3 slices of pizza
 A - 3 fruits
 E - a meat ration
 L - 2 beef jerkies
 Z - 9 royal jellies


   Skills:
 - Level 3.1 Fighting
   Level 0.5 Long Blades
 - Level 3.2 Polearms
 - Level 0.8 Throwing
 - Level 8.2 Dodging
 - Level 5.1 Stealth
 - Level 12.1 Spellcasting
 + Level 10.4 Conjurations
 - Level 2.3 Charms
 - Level 11.6 Necromancy
 - Level 2.3 Evocations


You couldn't memorise any spells.
You knew the following spells:

 Your Spells              Type           Power        Failure   Level  Hunger
a - Animate Skeleton      Necr           N/A          1%          1    None
b - Iskenderun's Mystic   Conj           ######..     1%          4    None
c - Control Undead        Necr           ######....   1%          4    None
o - Orb of Destruction    Conj           ######....   38%         7    ######.
p - Pain                  Necr           ####         1%          1    None
r - Regeneration          Chrm/Necr      ######....   1%          3    None
v - Vampiric Draining     Necr           ######....   1%          3    None
A - Animate Dead          Necr           N/A          1%          4    None
R - Repel Missiles        Chrm/Air       ####..       2%          2    None
V - Venom Bolt            Conj/Pois      #####.....   12%         5    ##.....


Dungeon Overview and Level Annotations

Branches:
Dungeon (11/15)            Temple (1/1) D:4            Lair (1/8) D:10
    Orc (0/2) D:11

Altars:
Ashenzari
Cheibriados
Dithmenos
Elyvilon
Fedhas
Gozag
Kikubaaqudgha
Makhleb
Nemelex Xobeh
Okawaru
Pakellas
Qazlal
Ru
Sif Muna
Trog
Vehumet
Xom
Yredelemnul
Zin
The Shining One

Shops:
D:4 ?   D:5 *}(*

Annotations:
D:11 barakagiga's ghost, journeyman DEWz


Innate Abilities, Weirdness & Mutations

You have a beak for a mouth.
You are clumsy. (Dex -2)
You occasionally shout uncontrollably at your foes.
You are covered in fur (AC +1).


Message History

Press: ? - help, Shift-Dir - straight line, f/p - yak
Aim: a yak (severely wounded)
You kill the yak!
Makhleb accepts your kill.
You feel better.
You feel life coursing into your body. The yak gores you!
You regained 2 hp, and now have 27/60 hp.
You now have 14/29 mp.
The yak bellows!
You hit the yak. You burn the yak. You peck the yak.
The yak is heavily wounded.
The yak gores you but does no damage.
You hit the yak. You burn the yak.
The yak is severely wounded.
You barely miss the yak. You hit the yak. You burn the yak. You peck the yak.
The yak is moderately wounded.
The yak gores you!
* * * LOW HITPOINT WARNING * * *
The yak gores you!
You die...

..........#.......##.P.#
..................#....#
....#.÷+###........#.#.#
...##%....#............#
..##...⌠..........#### #
.#..........##...##
##..⌠..>..⌠...#.#.
..............##.##
.......⌠.......#@.#
....#....[.....Y#.#
.⌠........#..Y.Y###
...#...⌠..#.[....###.#.
...#......#............
...#......##.Y...#.....
#..##.....##..#........
....#...+#.............
.........Y........##.##


You could see 4 yaks.

Vanquished Creatures
  A hydra (D:11)
  2 hill giants
  A hornet (shapeshifter) (D:9)
  An ugly thing (D:11)
  2 centaur zombies (D:10)
  A cyclops (D:11)
  A gargoyle (D:11)
  2 komodo dragons (Lair:1)
  Grinder (D:6)
  2 two-headed ogres
  Prince Ribbit (D:7)
  2 wyverns
  Eustachio (D:5)
  A yak (Lair:1)
  A hungry ghost (D:10)
  3 hippogriffs
  A steam dragon (D:8)
  Menkaure (D:5)
  A soldier ant (D:11)
  The ghost of Hipnos the Digger, an amateur GrEE (D:4)
  A porcupine (Lair:1)
  2 water moccasins (Lair:1)
  3 ice beasts
  5 sky beasts
  3 wasps (D:11)
  2 black bears
  4 ogres
  2 centaurs (D:9)
  7 giant frogs
  A gnoll sergeant (D:7)
  2 scorpions
  The ghost of Marenglen the Vexing, a weakling TrAM (D:3)
  4 killer bees (D:9)
  10 wights
  5 howler monkeys
  2 giant frog zombies
  3 hounds
  A centaur skeleton (D:4)
  A gnoll shaman (D:6)
  6 jellies
  9 orc priests
  Crazy Yiuf (D:2)
  7 orc wizards
  3 giant frog skeletons
  10 worker ants
  Natasha (twice) (D:3)
  Terence (D:2)
  2 hound skeletons
  Robin (D:2)
  19 gnolls
  7 adders
  A shadow imp (D:9)
  An ooze (D:3)
  An adder zombie (D:6)
  A worm (D:2)
  2 adder skeletons
  A dart slug (D:2)
  5 giant geckos
  40 orcs
  11 giant cockroaches
  19 goblins
  9 hobgoblins
  15 jackals
  3 quokkas
  6 bats
  7 giant newts
  12 kobolds
  10 rats
298 creatures vanquished.

Vanquished Creatures (collateral kills)
  A hill giant (D:10)
  A gargoyle (D:10)
  A centaur skeleton (D:11)
  A wraith (D:11)
  A hungry ghost (D:7)
  The ghost of M4edhros the Insei, an amateur OpNe (D:5)
  An orc warrior (D:10)
  2 sky beasts
  Duvessa (D:7)
  An ogre (D:9)
  2 centaurs (D:9)
  A giant frog (D:9)
  Dowan (D:7)
  A scorpion (D:11)
  15 wights
  5 crimson imps
  A hound (D:9)
  A giant frog skeleton (D:11)
  3 orc wizards
  An adder (D:9)
  A shadow imp (D:5)
  An adder skeleton (D:9)
  8 orcs
  A giant cockroach (D:1)
  2 gnoll zombies (D:7)
  4 goblins
  A jackal (D:5)
  A kobold (D:1)
  A rat (D:1)
62 creatures vanquished.

Vanquished Creatures (others)
  A fungus (Lair:1)
1 creature vanquished.

Grand Total: 361 creatures vanquished

Notes
Turn   | Place    | Note
--------------------------------------------------------------
     0 | D:1      | pipel the Deep Elf Necromancer began the quest for the Orb.
     0 | D:1      | Reached XP level 1. HP: 10/10 MP: 6/6
     2 | D:1      | You fall through a shaft!
     6 | D:2      | Learned a level 1 spell: Animate Skeleton
     9 | D:2      | Reached skill level 5 in Necromancy
   245 | D:2      | Reached XP level 2. HP: 10/15 MP: 2/8
   664 | D:1      | Reached XP level 3. HP: 6/19 MP: 8/10
   671 | D:1      | Learned a level 3 spell: Vampiric Draining
   675 | D:1      | Learned a level 3 spell: Regeneration
  1205 | D:2      | Noticed Terence
  1224 | D:2      | Killed Terence
  1224 | D:2      | Reached skill level 4 in Spellcasting
  1270 | D:2      | Reached XP level 4. HP: 23/24 MP: 10/12
  1560 | D:2      | Noticed Crazy Yiuf
  1563 | D:2      | Killed Crazy Yiuf
  1563 | D:2      | Reached XP level 5. HP: 28/28 MP: 13/13
  1718 | D:2      | Noticed Robin
  1752 | D:2      | Killed Robin
  1874 | D:2      | Found a sacrificial altar of Ru.
  2255 | D:3      | Noticed Marenglen's ghost (weakling TrAM)
  2359 | D:3      | Found a sparkling altar of Nemelex Xobeh.
  2490 | D:3      | Noticed Natasha
  2495 | D:3      | Killed Natasha
  2495 | D:3      | Reached skill level 5 in Spellcasting
  2583 | D:3      | Found an iron altar of Okawaru.
  2615 | D:3      | Reached skill level 1 in Fighting
  2669 | D:3      | Killed Marenglen's ghost
  2669 | D:3      | Reached XP level 6. HP: 33/34 MP: 12/16
  2768 | D:3      | Noticed Natasha
  2775 | D:3      | Killed Natasha
  2775 | D:3      | Reached skill level 1 in Polearms
  3018 | D:4      | Found a staircase to the Ecumenical Temple.
  3019 | D:4      | Noticed Hipnos's ghost (amateur GrEE)
  3027 | D:4      | Learned a level 4 spell: Control Undead
  3040 | Temple   | Entered the Ecumenical Temple
  3149 | Temple   | Became a worshipper of Makhleb the Destroyer
  3349 | D:4      | Found a glowing silver altar of Zin.
  3496 | D:4      | Found an oddly glowing altar of Pakellas.
  3753 | D:4      | Found Zuchiong's Magic Scroll Shoppe.
  3756 | D:4      | Bought a scroll of fog for 24 gold pieces
  3756 | D:4      | Bought a scroll of enchant weapon for 90 gold pieces
  3756 | D:4      | Bought a scroll of identify for 24 gold pieces
  3989 | D:4      | Killed Hipnos's ghost
  3989 | D:4      | Reached skill level 6 in Spellcasting
  3989 | D:4      | Reached XP level 7. HP: 32/38 MP: 12/18
  4075 | D:5      | Entered Level 5 of the Dungeon
  4075 | D:5      | Found Kumar's Weapon Shoppe.
  4110 | D:5      | Found Riasatt's General Store.
  4300 | D:5      | Noticed M4edhros's ghost (amateur OpNe)
  4300 | D:5      | Reached * piety under Makhleb
  4315 | D:5      | Noticed Menkaure
  4320 | D:5      | Killed M4edhros's ghost
  4569 | D:5      | Learned a level 4 spell: Animate Dead
  4613 | D:5      | Found Susicw Muth's Assorted Antiques.
  4626 | D:5      | Bought a scroll labeled ASEGUUGUMU for 30 gold pieces
  4671 | D:5      | Noticed Eustachio
  4682 | D:5      | Killed Eustachio
  4682 | D:5      | Reached skill level 7 in Spellcasting
  4682 | D:5      | Reached XP level 8. HP: 43/43 MP: 18/21
  4698 | D:5      | Reached skill level 5 in Dodging
  4698 | D:5      | Reached skill level 1 in Evocations
  4727 | D:5      | Found Kivvaido's Gadget Boutique.
  4742 | D:5      | Got a transparent robe
  4753 | D:5      | Identified the +1 robe "Qytiutomot" {rF+++ Str+2 Int+6} (You found it on level 5 of the Dungeon)
  4813 | D:5      | Found a deep blue altar of Sif Muna.
  5060 | D:5      | Killed Menkaure
  5099 | D:5      | Reached skill level 8 in Spellcasting
  5481 | D:6      | Gained mutation: You are clumsy. (Dex -2) [mutagenic meat]
  5594 | D:6      | Noticed Grinder
  5649 | D:6      | Killed Grinder
  5716 | D:6      | Found an iron altar of Okawaru.
  5973 | D:7      | Reached ** piety under Makhleb
  5985 | D:7      | Noticed Prince Ribbit
  6041 | D:6      | Reached skill level 9 in Spellcasting
  6041 | D:6      | Reached XP level 9. HP: 48/48 MP: 14/24
  6196 | D:7      | Reached skill level 5 in Stealth
  6288 | D:7      | Gained mutation: You have a beak for a mouth. [mutagenic meat]
  6289 | D:7      | Gained mutation: You are covered in fur (AC +1). [mutagenic meat]
  6290 | D:7      | Gained mutation: You occasionally shout uncontrollably at your foes. [mutagenic meat]
  6345 | D:7      | Killed Prince Ribbit
  6456 | D:7      | Noticed Duvessa
  6459 | D:7      | Noticed Dowan
  6462 | D:7      | Killed Duvessa
  6474 | D:7      | Killed Dowan
  6518 | D:7      | Reached skill level 10 in Spellcasting
  6548 | D:7      | Reached *** piety under Makhleb
  6601 | D:7      | Found a shimmering altar of Xom.
  6637 | D:7      | Reached skill level 10 in Necromancy
  6647 | D:7      | Found a shimmering altar of Xom.
  6647 | D:7      | Found a shimmering altar of Xom.
  6647 | D:7      | Found a shimmering altar of Xom.
  6648 | D:7      | Found a shimmering altar of Xom.
  6667 | D:7      | Found a basalt altar of Yredelemnul.
  6680 | D:7      | Found a shimmering altar of Xom.
  7058 | D:8      | Reached skill level 1 in Charms
  7097 | D:8      | Learned a level 4 spell: Iskenderun's Mystic Blast
  7118 | D:8      | Learned a level 2 spell: Repel Missiles
  7578 | D:8      | Reached **** piety under Makhleb
  7783 | D:8      | Reached XP level 10. HP: 55/55 MP: 11/26
  7856 | D:9      | Reached skill level 1 in Conjurations
  8180 | D:9      | Found a radiant altar of Vehumet.
  8187 | D:9      | Noticed a hornet
  8190 | D:9      | Reached skill level 11 in Spellcasting
  8197 | D:9      | Killed a hornet
  8492 | D:9      | Reached ***** piety under Makhleb
  8775 | D:10     | Entered Level 10 of the Dungeon
  8800 | D:10     | Found a staircase to the Lair.
  8841 | D:10     | Noticed a hill giant
  8848 | D:10     | Killed a hill giant
  8940 | D:10     | Noticed a hill giant
  9010 | D:10     | Noticed a gargoyle
  9020 | D:10     | Killed a hill giant
  9108 | D:10     | Killed a gargoyle
  9420 | D:10     | Reached skill level 12 in Spellcasting
  9524 | D:10     | Reached XP level 11. HP: 51/60 MP: 24/29
  9561 | D:11     | Reached skill level 5 in Conjurations
  9711 | D:11     | Noticed a purple ugly thing
  9778 | D:11     | Noticed barakagiga's ghost (journeyman DEWz)
  9805 | D:11     | Noticed a four-headed hydra
  9807 | D:11     | Noticed a hill giant
  9835 | D:11     | Killed a four-headed hydra
  9952 | D:11     | Killed a purple ugly thing
 10183 | D:11     | Found a staircase to the Orcish Mines.
 10205 | D:11     | Found a shattered altar of Ashenzari.
 10297 | D:11     | Learned a level 5 spell: Venom Bolt
 10397 | D:11     | Reached ****** piety under Makhleb
 10407 | D:11     | Paralysed by a wasp for 2 turns
 10724 | D:11     | Noticed a hill giant
 10736 | D:11     | Killed a hill giant
 10966 | Lair:1   | Entered Level 1 of the Lair of Beasts
 11014 | Lair:1   | Reached skill level 10 in Conjurations
 11159 | Lair:1   | Learned a level 7 spell: Orb of Destruction
 11275 | Lair:1   | Slain by a yak

Skill      XL: |  1  2  3  4  5  6  7  8  9 10 11 |
---------------+----------------------------------+-----
Necromancy     | 5 6 7 9 10 11 | 11.6
Spellcasting   | 4 5 6 7 9 10 12 | 12.1
Stealth        | 3 4 5 |  5.1
Dodging        | 3 4 5 7 8 |  8.2
Fighting       | 1 2 3 |  3.1
Polearms       | 1 2 3 |  3.2
Evocations     | 1 2 |  2.3
Charms         | 1 2 |  2.3
Conjurations   | 4 10 | 10.4
Long Blades    | |  0.5
Throwing       | |  0.8

Action                   |  1- 3 |  4- 6 |  7- 9 | 10-12 || total
-------------------------+-------+-------+-------+-------++-------
Melee: Long sword        |    28 |       |       |       ||    28
       Spear             |    35 |   213 |   421 |   119 ||   788
       Dagger            |       |       |     1 |     1 ||     2
       Peck              |       |       |     9 |    46 ||    55
       Trident           |       |       |       |   250 ||   250
Throw: Stone             |     2 |       |     5 |    11 ||    18
       Javelin           |       |       |       |     2 ||     2
 Cast: Pain              |    23 |     7 |    38 |    51 ||   119
       Animate Skeleton  |    18 |    24 |    43 |    21 ||   106
       Vampiric Draining |     4 |    20 |    66 |    52 ||   142
       Control Undead    |       |     8 |     2 |    17 ||    27
       Regeneration      |       |     3 |    12 |    22 ||    37
       Animate Dead      |       |       |     2 |     6 ||     8
       Iskenderun's Myst |       |       |     5 |    26 ||    31
       Repel Missiles    |       |       |     1 |     1 ||     2
       Venom Bolt        |       |       |       |     7 ||     7
Evoke: Rod               |       |     8 |    17 |    21 ||    46
       Wand              |       |       |     1 |     5 ||     6
  Use: Scroll            |     1 |     5 |    12 |     8 ||    26
       Potion            |     2 |       |       |     3 ||     5
 Stab: Sleeping          |     7 |     7 |    10 |     8 ||    32
       Distracted        |       |     1 |     3 |     4 ||     8
       Betrayed ally     |       |       |     1 |     1 ||     2
  Eat: Chunk             |     1 |    11 |    21 |     6 ||    39
       Meat ration       |       |       |       |     1 ||     1
       Beef jerky        |       |       |       |     4 ||     4
       Bread ration      |       |       |       |     1 ||     1
Armor: Robe              |     7 |     8 |    70 |    81 ||   166
       Animal skin       |       |    38 |    34 |       ||    72
       Skin              |       |       |       |    10 ||    10
Dodge: Dodged            |    42 |   114 |   278 |   323 ||   757
       Deflected         |       |       |       |     4 ||     4
